Detroit Red Wings vs Nashville Predators
Created - Tuesday, August 27, 2024 at 07:06
Goals
|
| Detroit Red Wings |
0 |
1 |
2 |
3 |
| Nashville Predators |
0 |
1 |
0 |
1 |
|
Shots
|
| Detroit Red Wings |
9 |
12 |
13 |
34 |
| Nashville Predators |
9 |
9 |
17 |
35 |
|
1st period
No Goal
Penalties :
Parker Wotherspoon (NSH) for Hooking (Minor) at 1:40, Parker Wotherspoon (NSH) for Tripping (Minor) at 14:30, Zach Bogosian (DET) for Interference (Minor) at 17:44
2nd period
1. Nashville Predators , Jack Drury 3 (Michael Carcone 5) at 7:12
2. Detroit Red Wings , Matthew Boldy 5 (MacKenzie Weegar 4, Mika Zibanejad 8) at 16:33 (PP)
Penalties :
Matthew Boldy (DET) for Slashing (Double Minor) at 9:20, Artem Zub (NSH) for Interference (Minor) at 16:04, Max Pacioretty (NSH) for Holding (Minor) at 17:23
3rd period
3. Detroit Red Wings , Matthew Boldy 6 (Carter Verhaeghe 7, Zach Bogosian 3) at 8:02
4. Detroit Red Wings , Alexander Barabanov 1 (Kevin Stenlund 1, Kevin Shattenkirk 2) at 17:55
Penalties :
Simon Benoit (NSH) for Fighting (Major) at 0:25, MacKenzie Weegar (DET) for Fighting (Major) at 0:25, Mattias Samuelsson (NSH) for Holding (Minor) at 0:44, Patrick Kane (DET) for Tripping (Minor) at 1:36, Colton Sissons (NSH) for Roughing (Minor) at 8:40, Steven Stamkos (DET) for Tripping (Minor) at 11:40, Artem Zub (NSH) for Delaying the game (Minor) at 18:54
Goalie Stats
Laurent Brossoit (DET), 34 saves from 35 shots - (0.971), W, 3-0-0, 60:00 minutes
Samuel Ersson (NSH), 31 saves from 34 shots - (0.912), L, 3-3-0, 60:00 minutes
Players Stats for Detroit Red Wings
Player Name G A P +/- PIM S H SB GA TA FO MP PP MP PK MP
------------------------------------------------------------------------------------
Alexander Barabanov 1 0 1 1 0 2 1 0 0 0 0/1 5:52 0:00 0:00
Brendan Gallagher 0 0 0 0 0 2 0 0 0 1 0/0 11:34 0:00 0:07
Carter Verhaeghe 0 1 1 1 0 0 3 0 2 0 0/2 17:39 5:05 0:00
Christian Fischer 0 0 0 0 0 0 2 0 0 0 0/0 11:27 0:00 0:00
Daniel Sprong 0 0 0 0 0 1 0 0 1 0 1/6 12:41 0:00 1:14
Jackson LaCombe 0 0 0 1 0 0 0 1 0 0 0/0 15:27 0:11 4:17
Jared McCann 0 0 0 -1 0 3 1 0 0 1 1/1 19:23 5:10 3:34
Keegan Kolesar 0 0 0 1 0 0 0 0 0 1 0/0 9:36 0:00 3:38
Kevin Shattenkirk 0 1 1 1 0 1 2 1 0 1 0/0 18:06 5:18 1:54
Kevin Stenlund 0 1 1 1 0 3 1 0 0 0 0/6 9:48 0:07 3:38
MacKenzie Weegar 0 1 1 -1 5 6 1 1 1 0 0/0 25:15 4:53 3:24
Matthew Boldy 2 0 2 1 4 2 0 0 1 0 0/2 17:24 5:05 0:17
Mika Zibanejad 0 1 1 1 0 3 2 0 0 1 11/24 21:44 5:05 3:35
Patrick Kane 0 0 0 -1 2 3 2 0 0 0 1/1 15:36 5:16 0:00
Shayne Gostisbehere 0 0 0 1 0 0 0 0 1 0 0/0 19:12 5:18 0:46
Steven Stamkos 0 0 0 -1 2 3 3 0 2 0 7/17 17:17 5:17 1:35
Zach Bogosian 0 1 1 1 2 0 0 0 1 2 0/0 16:18 0:00 3:21
Zachary Werenski 0 0 0 -1 0 5 2 0 0 0 0/0 25:40 5:04 3:56
Players Stats for Nashville Predators
Player Name G A P +/- PIM S H SB GA TA FO MP PP MP PK MP
------------------------------------------------------------------------------------
Artem Zub 0 0 0 0 4 0 1 0 0 2 0/0 23:41 4:17 4:29
Brett Leason 0 0 0 1 0 2 0 1 0 0 1/1 15:02 0:18 4:44
Colton Sissons 0 0 0 -2 2 0 1 1 0 1 15/21 18:33 3:40 3:51
Dante Fabbro 0 0 0 0 0 1 1 1 0 0 0/0 17:48 3:58 0:32
Jack Drury 1 0 1 1 0 5 1 0 0 0 4/5 10:37 0:00 1:15
Jordan Harris 0 0 0 0 0 1 0 0 0 0 0/0 19:32 3:54 2:21
Josh Doan 0 0 0 -2 0 1 1 0 0 0 1/1 14:19 3:59 0:00
Leo Carlsson 0 0 0 0 0 2 1 0 0 0 0/3 11:03 0:52 0:00
Mattias Samuelsson 0 0 0 0 2 2 1 2 0 0 0/0 22:14 4:12 3:40
Max Pacioretty 0 0 0 -2 2 2 2 0 1 0 0/0 14:28 3:59 0:09
Michael Carcone 0 1 1 1 0 1 0 0 0 1 0/0 9:13 0:00 0:00
Parker Wotherspoon 0 0 0 -1 4 2 3 0 2 1 0/0 19:14 1:21 3:52
Pius Suter 0 0 0 0 0 2 2 2 2 0 0/0 15:59 0:58 5:17
Ryan Johansen 0 0 0 0 0 6 0 0 1 0 14/18 19:16 4:17 4:40
Simon Benoit 0 0 0 -1 5 0 2 1 0 2 0/0 18:00 0:14 5:50
Thomas Novak 0 0 0 0 0 2 2 1 0 0 4/11 13:50 3:46 0:00
Tyson Foerster 0 0 0 0 0 2 0 0 0 1 0/0 14:22 3:40 0:00
Zach Benson 0 0 0 0 0 4 0 1 1 1 0/0 11:12 0:40 0:48
3 Stars
1 - Laurent Brossoit (DET)
2 - Matthew Boldy (DET)
3 - Alexander Barabanov (DET)
Power Play
Detroit Red Wings - 1 on 7 Attempt(s) - 14.29%
Nashville Predators - 0 on 5 Attempt(s) - 0.00%
Penalty Kill
Detroit Red Wings - 5 on 5 Attempt(s) - 100.00%
- Score 0 goal in Penalty Kill
Nashville Predators - 6 on 7 Attempt(s) - 85.71%
- Score 0 goal in Penalty Kill
Team Stat
Detroit Red Wings - Hits : 20 - Faceoff Wins : 21 - Blocked Shots : 3 - Penalty Minutes : 15
Nashville Predators - Hits : 18 - Faceoff Wins : 39 - Blocked Shots : 10 - Penalty Minutes : 19
Official
Referees : Michael Markovic and Kyle Rehman
Linesman : Jesse Marquis and Devin Berg
Game Notes
Simon Benoit beats up MacKenzie Weegar at 0:25 of 3rd period
Finance
Level 1 -- Attendance: 4268 (71.13%) -- Ticket Income $426,800
Level 2 -- Attendance: 3578 (71.56%) -- Ticket Income $214,680
Level 3 -- Attendance: 2284 (76.13%) -- Ticket Income $79,940
Level 4 -- Attendance: 3971 (79.42%) -- Ticket Income $99,275
Luxury Box -- Attendance: 731 (73.10%) -- Ticket Income $146,200
Game was played at the Bridgestone Arena.
Total Attendance: 14832 (74.16%)
Total Ticket Income: $966,895
Other Income: $338,413
Total Income: $1,305,308
Detroit Red Wings
5 vs 5 Forward
Center Left Wing Right Wing Time % Phy DF OF
1 Mika Zibanejad Carter Verhaeghe Matthew Boldy 35 1 2 2
2 Steven Stamkos Jared McCann Patrick Kane 30 1 1 3
3 Daniel Sprong Brendan Gallagher Christian Fischer 25 1 2 2
4 Kevin Stenlund Alexander Barabanov Keegan Kolesar 10 2 2 1
5 vs 5 Defense
Defense Defense Time % Phy DF OF
1 Zachary Werenski MacKenzie Weegar 40 1 2 2
2 Zach Bogosian Shayne Gostisbehere 30 1 2 2
3 Kevin Shattenkirk Jackson LaCombe 20 3 1 1
4 Jackson LaCombe MacKenzie Weegar 10 1 2 2
PowerPlay Forward
Center Left Wing Right Wing Time % Phy DF OF
1 Steven Stamkos Jared McCann Patrick Kane 50 0 1 4
2 Mika Zibanejad Carter Verhaeghe Matthew Boldy 50 0 1 4
PowerPlay Defense
Defense Defense Time % Phy DF OF
1 Zachary Werenski MacKenzie Weegar 50 1 2 2
2 Shayne Gostisbehere Kevin Shattenkirk 50 1 2 2
Penalty Kill 4 Players Forward
Center Wing Time % Phy DF OF
1 Mika Zibanejad Jared McCann 50 2 2 1
2 Kevin Stenlund Keegan Kolesar 50 2 2 1
Penalty Kill 4 Players Defense
Defense Defense Time % Phy DF OF
1 Jackson LaCombe MacKenzie Weegar 50 2 2 1
2 Zachary Werenski Zach Bogosian 50 2 2 1
Penalty Kill - 3 Players Forward
Forward Time % Phy DF OF
1 Mika Zibanejad 50 1 2 2
2 Steven Stamkos 50 1 2 2
Penalty Kill - 3 Players Defense
Defense Defense Time % Phy DF OF
1 Jackson LaCombe MacKenzie Weegar 50 1 2 2
2 Zachary Werenski Zach Bogosian 50 2 2 1
4 vs 4 Forward
Center Wing Time % Phy DF OF
1 Mika Zibanejad Carter Verhaeghe 60 1 2 2
2 Steven Stamkos Matthew Boldy 40 1 1 3
4 vs 4 Defense
Defense Defense Time % Phy DF OF
1 Zachary Werenski MacKenzie Weegar 60 1 2 2
2 Zach Bogosian Shayne Gostisbehere 40 1 2 2
Last Minutes Offensive
Center Left Wing Right Wing Defense Defense
Mika Zibanejad Carter Verhaeghe Matthew Boldy Zachary Werenski MacKenzie Weegar
Last Minutes Defensive
Center Left Wing Right Wing Defense Defense
Mika Zibanejad Carter Verhaeghe Matthew Boldy Zachary Werenski MacKenzie Weegar
Goaltenders
Starting : Laurent Brossoit
Backup : Calvin Pickard
Extra Forwards
Normal : Kevin Stenlund, Christian Fischer, Daniel Sprong - PP : Kevin Stenlund, Daniel Sprong - PK : Steven Stamkos
Extra Defensemen
Normal : Kevin Shattenkirk, Shayne Gostisbehere, Zachary Werenski - PP : Kevin Shattenkirk - PK : Kevin Shattenkirk, Jackson LaCombe
Penalty Shots
Mika Zibanejad, Steven Stamkos, Matthew Boldy, Carter Verhaeghe, Jared McCann
Scratches
Raphael Lavoie (Bruised Right Arm Injury), Philippe Myers (Healthy), Vitek Vanecek (Healthy)
Nashville Predators
5 vs 5 Forward
Center Left Wing Right Wing Time % Phy DF OF
1 Colton Sissons Max Pacioretty Josh Doan 27 1 2 2
2 Ryan Johansen Zach Benson Leo Carlsson 27 0 2 3
3 Thomas Novak Pius Suter Tyson Foerster 25 0 2 3
4 Jack Drury Michael Carcone Brett Leason 21 1 2 2
5 vs 5 Defense
Defense Defense Time % Phy DF OF
1 Artem Zub Mattias Samuelsson 35 1 3 1
2 Parker Wotherspoon Simon Benoit 35 1 3 1
3 Jordan Harris Dante Fabbro 30 1 3 1
4 Dante Fabbro Jordan Harris 0 1 3 1
PowerPlay Forward
Center Left Wing Right Wing Time % Phy DF OF
1 Ryan Johansen Max Pacioretty Josh Doan 50 1 1 3
2 Colton Sissons Thomas Novak Tyson Foerster 50 1 1 3
PowerPlay Defense
Defense Defense Time % Phy DF OF
1 Dante Fabbro Artem Zub 50 1 1 3
2 Jordan Harris Mattias Samuelsson 50 2 2 1
Penalty Kill 4 Players Forward
Center Wing Time % Phy DF OF
1 Colton Sissons Brett Leason 50 1 2 2
2 Ryan Johansen Pius Suter 50 1 2 2
Penalty Kill 4 Players Defense
Defense Defense Time % Phy DF OF
1 Mattias Samuelsson Artem Zub 50 2 2 1
2 Simon Benoit Parker Wotherspoon 50 1 2 2
Penalty Kill - 3 Players Forward
Forward Time % Phy DF OF
1 Colton Sissons 50 1 2 2
2 Ryan Johansen 50 1 2 2
Penalty Kill - 3 Players Defense
Defense Defense Time % Phy DF OF
1 Mattias Samuelsson Artem Zub 50 1 2 2
2 Parker Wotherspoon Simon Benoit 50 1 2 2
4 vs 4 Forward
Center Wing Time % Phy DF OF
1 Colton Sissons Tyson Foerster 50 1 2 2
2 Ryan Johansen Brett Leason 50 1 2 2
4 vs 4 Defense
Defense Defense Time % Phy DF OF
1 Artem Zub Mattias Samuelsson 50 2 2 1
2 Dante Fabbro Parker Wotherspoon 50 1 2 2
Last Minutes Offensive
Center Left Wing Right Wing Defense Defense
Colton Sissons Pius Suter Tyson Foerster Dante Fabbro Jordan Harris
Last Minutes Defensive
Center Left Wing Right Wing Defense Defense
Colton Sissons Pius Suter Brett Leason Mattias Samuelsson Artem Zub
Goaltenders
Starting : Samuel Ersson
Backup : Anthony Stolarz
Extra Forwards
Normal : Leo Carlsson, Zach Benson, Josh Doan - PP : Tyson Foerster, Pius Suter - PK : Jack Drury
Extra Defensemen
Normal : Artem Zub, Mattias Samuelsson, Jordan Harris - PP : Parker Wotherspoon - PK : Jordan Harris, Dante Fabbro
Penalty Shots
Thomas Novak, Leo Carlsson, Pius Suter, Ryan Johansen, Max Pacioretty
Scratches
Kevin Labanc (Healthy), Jesper Boqvist (Healthy), Jakub Voracek (Healthy), Zemgus Girgensons (Healthy), Mads Sogaard (Healthy)
% Time on Ice - Detroit Red Wings
Lines # - Real PCT - Wanted PCT - Time Play
Normal Forward
1 - 31% - 35% - 12:15
2 - 26% - 30% - 10:08
3 - 29% - 25% - 11:27
4 - 15% - 10% - 5:52
Normal Defense
1 - 44% - 40% - 17:23
2 - 33% - 30% - 13:05
3 - 17% - 20% - 6:53
4 - 6% - 10% - 2:21
PP Forward
1 - 51% - 50% - 5:17
2 - 49% - 50% - 5:05
PP Defense
1 - 49% - 50% - 5:04
2 - 51% - 50% - 5:18
PK Forward
1 - 46% - 50% - 4:04
2 - 54% - 50% - 4:45
PK Defense
1 - 48% - 50% - 4:16
2 - 52% - 50% - 4:33
PK3 Forward
1 - 0% - 50%
2 - 0% - 50%
PK3 Defense
1 - 0% - 50%
2 - 0% - 50%
44 Forward
1 - 91% - 60% - 1:01
2 - 9% - 40% - 0:06
44 Defense
1 - 100% - 60% - 1:07
2 - 0% - 40% - 0:00
Last Minute Offensive - 0:00
Last Minute Defensive - 0:00
Total
Forward - 60:00
Defense - 60:00
|
% Time on Ice - Nashville Predators
Lines # - Real PCT - Wanted PCT - Time Play
Normal Forward
1 - 27% - 27% - 10:38
2 - 25% - 27% - 9:52
3 - 25% - 25% - 9:59
4 - 23% - 21% - 9:13
Normal Defense
1 - 37% - 35% - 14:30
2 - 34% - 35% - 13:40
3 - 29% - 30% - 11:32
4 - 0% - 0% - 0:00
PP Forward
1 - 51% - 50% - 4:30
2 - 49% - 50% - 4:19
PP Defense
1 - 51% - 50% - 4:31
2 - 49% - 50% - 4:18
PK Forward
1 - 53% - 50% - 5:27
2 - 47% - 50% - 4:55
PK Defense
1 - 43% - 50% - 4:29
2 - 57% - 50% - 5:53
PK3 Forward
1 - 0% - 50%
2 - 0% - 50%
PK3 Defense
1 - 0% - 50%
2 - 0% - 50%
44 Forward
1 - 57% - 50% - 0:38
2 - 43% - 50% - 0:29
44 Defense
1 - 40% - 50% - 0:27
2 - 60% - 50% - 0:40
Last Minute Offensive - 0:00
Last Minute Defensive - 0:00
Total
Forward - 60:00
Defense - 60:00
|
Play-by-Play
1st period
0:01 of 1st period - Colton Sissons wins face-off versus Mika Zibanejad in neutral zone.
1:18 of 1st period - Snap shot by Ryan Johansen.
1:18 of 1st period - Stopped by Laurent Brossoit without a rebound.
1:19 of 1st period - Steven Stamkos wins face-off versus Thomas Novak in Detroit Red Wings zone.
1:40 of 1st period - Minor Penalty to Parker Wotherspoon for Hooking.
1:41 of 1st period - Colton Sissons wins face-off versus Steven Stamkos in Nashville Predators zone.
1:52 of 1st period - Steven Stamkos is hit by Simon Benoit and loses puck.
2:15 of 1st period - Wrist shot by Mika Zibanejad.
2:15 of 1st period - Stopped by Samuel Ersson with a rebound.
3:40 of 1st period - Penalty to Parker Wotherspoon is over, Parker Wotherspoon is back on ice.
3:51 of 1st period - Brendan Gallagher is hit by Dante Fabbro and loses puck.
4:00 of 1st period - Wrist shot by Brendan Gallagher.
4:00 of 1st period - Stopped by Samuel Ersson without a rebound.
4:01 of 1st period - Jack Drury wins face-off versus Kevin Stenlund in Nashville Predators zone.
4:10 of 1st period - Slapshot by MacKenzie Weegar.
4:10 of 1st period - Stopped by Samuel Ersson without a rebound.
4:11 of 1st period - Jack Drury wins face-off versus Kevin Stenlund in Nashville Predators zone.
4:11 of 1st period - Jack Drury is hit by Alexander Barabanov.
4:19 of 1st period - Slapshot by MacKenzie Weegar.
4:19 of 1st period - Shot Blocked by Brett Leason.
4:21 of 1st period - Slapshot by Zachary Werenski.
4:21 of 1st period - Stopped by Samuel Ersson with a rebound.
4:53 of 1st period - Mattias Samuelsson is hit by Kevin Stenlund and loses puck.
5:18 of 1st period - Snap shot by Zachary Werenski.
5:18 of 1st period - Shot Blocked by Mattias Samuelsson.
5:26 of 1st period - Slapshot by Zachary Werenski.
5:26 of 1st period - Deflect By Artem Zub.
5:26 of 1st period - Stopped by Samuel Ersson with a rebound.
5:28 of 1st period - Snap shot by MacKenzie Weegar.
5:28 of 1st period - Shot Misses the Net.
5:30 of 1st period - Slapshot by MacKenzie Weegar.
5:30 of 1st period - Stopped by Samuel Ersson with a rebound.
5:32 of 1st period - Slapshot by Zachary Werenski.
5:32 of 1st period - Shot Misses the Net.
5:40 of 1st period - Wrist shot by Alexander Barabanov.
5:40 of 1st period - Deflect By Kevin Stenlund.
5:40 of 1st period - Stopped by Samuel Ersson with a rebound.
5:54 of 1st period - Slapshot by MacKenzie Weegar.
5:54 of 1st period - Deflect By Alexander Barabanov.
5:54 of 1st period - Shot Blocked by Mattias Samuelsson.
5:54 of 1st period - Puck is out of play.
5:55 of 1st period - Mika Zibanejad wins face-off versus Thomas Novak in Nashville Predators zone.
7:03 of 1st period - Parker Wotherspoon is hit by Kevin Shattenkirk and loses puck.
8:04 of 1st period - Shayne Gostisbehere is hit by Leo Carlsson and loses puck.
8:11 of 1st period - Jordan Harris is hit by Zachary Werenski and loses puck.
9:44 of 1st period - Jared McCann is hit by Max Pacioretty and loses puck.
10:26 of 1st period - Wrist shot by Ryan Johansen.
10:26 of 1st period - Stopped by Laurent Brossoit with a rebound.
10:28 of 1st period - Snap shot by Ryan Johansen.
10:28 of 1st period - Shot Hit the Post.
10:32 of 1st period - Wrist shot by Ryan Johansen.
10:32 of 1st period - Stopped by Laurent Brossoit with a rebound.
10:34 of 1st period - Slapshot by Mattias Samuelsson.
10:34 of 1st period - Stopped by Laurent Brossoit with a rebound.
10:36 of 1st period - Wrist shot by Ryan Johansen.
10:36 of 1st period - Stopped by Laurent Brossoit with a rebound.
11:10 of 1st period - Zachary Werenski is hit by Mattias Samuelsson and loses puck.
12:17 of 1st period - Snap shot by Pius Suter.
12:17 of 1st period - Deflect By Tyson Foerster.
12:17 of 1st period - Stopped by Laurent Brossoit with a rebound.
12:19 of 1st period - Wrist shot by Thomas Novak.
12:19 of 1st period - Deflect By Pius Suter.
12:19 of 1st period - Stopped by Laurent Brossoit with a rebound.
12:28 of 1st period - Off-side.
12:29 of 1st period - Colton Sissons wins face-off versus Mika Zibanejad in neutral zone.
12:31 of 1st period - Off-side.
12:32 of 1st period - Mika Zibanejad wins face-off versus Colton Sissons in neutral zone.
13:35 of 1st period - Wrist shot by Colton Sissons.
13:35 of 1st period - Shot Misses the Net.
13:37 of 1st period - Slapshot by Jordan Harris.
13:37 of 1st period - Stopped by Laurent Brossoit with a rebound.
13:39 of 1st period - Slapshot by Dante Fabbro.
13:39 of 1st period - Stopped by Laurent Brossoit without a rebound.
13:40 of 1st period - Mika Zibanejad wins face-off versus Thomas Novak in Detroit Red Wings zone.
13:52 of 1st period - Icing by Mika Zibanejad.
13:53 of 1st period - Mika Zibanejad wins face-off versus Thomas Novak in Detroit Red Wings zone.
14:04 of 1st period - Snap shot by Matthew Boldy.
14:04 of 1st period - Shot Blocked by Pius Suter.
14:06 of 1st period - Slapshot by MacKenzie Weegar.
14:06 of 1st period - Stopped by Samuel Ersson with a rebound.
14:08 of 1st period - Backhand shot by Zachary Werenski.
14:08 of 1st period - Stopped by Samuel Ersson without a rebound.
14:09 of 1st period - Ryan Johansen wins face-off versus Daniel Sprong in Nashville Predators zone.
14:14 of 1st period - Wrist shot by Daniel Sprong.
14:14 of 1st period - Shot Blocked by Zach Benson.
14:16 of 1st period - Slapshot by Jackson LaCombe.
14:16 of 1st period - Shot Blocked by Simon Benoit.
14:30 of 1st period - Minor Penalty to Parker Wotherspoon for Tripping.
14:31 of 1st period - Colton Sissons wins face-off versus Matthew Boldy in Nashville Predators zone.
14:31 of 1st period - Colton Sissons is hit by Mika Zibanejad.
14:47 of 1st period - Snap shot by Mika Zibanejad.
14:47 of 1st period - Shot Misses the Net.
14:57 of 1st period - Kevin Shattenkirk is hit by Artem Zub and loses puck.
16:30 of 1st period - Penalty to Parker Wotherspoon is over, Parker Wotherspoon is back on ice.
16:38 of 1st period - Snap shot by Brett Leason.
16:38 of 1st period - Deflect By Jack Drury.
16:38 of 1st period - Shot Blocked by MacKenzie Weegar.
16:38 of 1st period - Puck is out of play.
16:39 of 1st period - Colton Sissons wins face-off versus Daniel Sprong in Detroit Red Wings zone.
16:40 of 1st period - Snap shot by Max Pacioretty.
16:40 of 1st period - Deflect By Colton Sissons.
16:40 of 1st period - Shot Hit the Post.
16:40 of 1st period - Puck is out of play.
16:41 of 1st period - Colton Sissons wins face-off versus Daniel Sprong in Detroit Red Wings zone.
17:44 of 1st period - Minor Penalty to Zach Bogosian for Interference.
17:45 of 1st period - Ryan Johansen wins face-off versus Mika Zibanejad in Detroit Red Wings zone.
18:19 of 1st period - Kevin Stenlund is hit by Colton Sissons and loses puck.
19:31 of 1st period - Max Pacioretty is hit by Steven Stamkos and loses puck.
19:38 of 1st period - Steven Stamkos is hit by Parker Wotherspoon and loses puck.
19:44 of 1st period - Penalty to Zach Bogosian is over, Zach Bogosian is back on ice.
19:57 of 1st period - Jackson LaCombe is hit by Simon Benoit and loses puck.
Goals for this period are 0 for Detroit Red Wings vs 0 for Nashville Predators.
Shots for this period are 9 for Detroit Red Wings vs 9 for Nashville Predators.
2nd period
0:01 of 2nd period - Mika Zibanejad wins face-off versus Ryan Johansen in neutral zone.
0:14 of 2nd period - Zach Benson is hit by Carter Verhaeghe and loses puck.
0:27 of 2nd period - Wrist shot by Jared McCann.
0:27 of 2nd period - Stopped by Samuel Ersson with a rebound.
0:53 of 2nd period - Off-side.
0:54 of 2nd period - Mika Zibanejad wins face-off versus Leo Carlsson in neutral zone.
1:42 of 2nd period - Wrist shot by Daniel Sprong.
1:42 of 2nd period - Deflect By Brendan Gallagher.
1:42 of 2nd period - Stopped by Samuel Ersson without a rebound.
1:43 of 2nd period - Colton Sissons wins face-off versus Daniel Sprong in Nashville Predators zone.
2:08 of 2nd period - Max Pacioretty is hit by Patrick Kane and loses puck.
2:17 of 2nd period - Snap shot by Patrick Kane.
2:17 of 2nd period - Stopped by Samuel Ersson with a rebound.
2:21 of 2nd period - Wrist shot by Patrick Kane.
2:21 of 2nd period - Stopped by Samuel Ersson with a rebound.
2:58 of 2nd period - Wrist shot by Thomas Novak.
2:58 of 2nd period - Deflect By Shayne Gostisbehere.
2:58 of 2nd period - Shot Misses the Net.
2:58 of 2nd period - Puck is out of play.
2:59 of 2nd period - Thomas Novak wins face-off versus Daniel Sprong in Detroit Red Wings zone.
3:23 of 2nd period - Wrist shot by Tyson Foerster.
3:23 of 2nd period - Shot Misses the Net.
3:54 of 2nd period - MacKenzie Weegar is hit by Thomas Novak and loses puck.
3:59 of 2nd period - Wrist shot by Brendan Gallagher.
3:59 of 2nd period - Shot Misses the Net.
4:01 of 2nd period - Slapshot by MacKenzie Weegar.
4:01 of 2nd period - Stopped by Samuel Ersson without a rebound.
4:02 of 2nd period - Mika Zibanejad wins face-off versus Ryan Johansen in Nashville Predators zone.
4:09 of 2nd period - Wrist shot by Mika Zibanejad.
4:09 of 2nd period - Stopped by Samuel Ersson without a rebound.
4:10 of 2nd period - Ryan Johansen wins face-off versus Mika Zibanejad in Nashville Predators zone.
4:23 of 2nd period - Snap shot by Leo Carlsson.
4:23 of 2nd period - Shot Blocked by Jackson LaCombe.
4:35 of 2nd period - Snap shot by Michael Carcone.
4:35 of 2nd period - Shot Blocked by Kevin Shattenkirk.
4:37 of 2nd period - Wrist shot by Parker Wotherspoon.
4:37 of 2nd period - Stopped by Laurent Brossoit without a rebound.
4:38 of 2nd period - Ryan Johansen wins face-off versus Steven Stamkos in Detroit Red Wings zone.
4:41 of 2nd period - Wrist shot by Zach Benson.
4:41 of 2nd period - Stopped by Laurent Brossoit without a rebound.
4:42 of 2nd period - Jared McCann wins face-off versus Leo Carlsson in Detroit Red Wings zone.
4:55 of 2nd period - Snap shot by Zach Benson.
4:55 of 2nd period - Stopped by Laurent Brossoit with a rebound.
5:07 of 2nd period - Dante Fabbro is hit by MacKenzie Weegar and loses puck.
6:20 of 2nd period - Slapshot by Shayne Gostisbehere.
6:20 of 2nd period - Shot Blocked by Thomas Novak.
6:32 of 2nd period - Slapshot by Zach Benson.
6:32 of 2nd period - Stopped by Laurent Brossoit with a rebound.
7:10 of 2nd period - Wrist shot by Jack Drury.
7:10 of 2nd period - Shot Misses the Net.
7:12 of 2nd period - Wrist shot by Jack Drury.
7:12 of 2nd period - Goal by Jack Drury - Detroit Red Wings : 0 - Nashville Predators : 1.
7:13 of 2nd period - Jack Drury wins face-off versus Mika Zibanejad in neutral zone.
7:18 of 2nd period - Snap shot by Michael Carcone.
7:18 of 2nd period - Stopped by Laurent Brossoit with a rebound.
7:38 of 2nd period - Simon Benoit is hit by Zachary Werenski and loses puck.
7:43 of 2nd period - Wrist shot by Jared McCann.
7:43 of 2nd period - Stopped by Samuel Ersson without a rebound.
7:44 of 2nd period - Ryan Johansen wins face-off versus Steven Stamkos in Nashville Predators zone.
8:15 of 2nd period - Wrist shot by Max Pacioretty.
8:15 of 2nd period - Shot Misses the Net.
8:56 of 2nd period - Snap shot by Pius Suter.
8:56 of 2nd period - Stopped by Laurent Brossoit without a rebound.
8:57 of 2nd period - Thomas Novak wins face-off versus Carter Verhaeghe in Detroit Red Wings zone.
9:05 of 2nd period - Icing by Carter Verhaeghe.
9:06 of 2nd period - Ryan Johansen wins face-off versus Mika Zibanejad in Detroit Red Wings zone.
9:13 of 2nd period - Snap shot by Leo Carlsson.
9:13 of 2nd period - Shot Misses the Net.
9:20 of 2nd period - Double Minor Penalty to Matthew Boldy for Slashing.
9:21 of 2nd period - Colton Sissons wins face-off versus Mika Zibanejad in Detroit Red Wings zone.
9:35 of 2nd period - Wrist shot by Thomas Novak.
9:35 of 2nd period - Stopped by Laurent Brossoit with a rebound.
11:13 of 2nd period - Thomas Novak is hit by Steven Stamkos and loses puck.
13:20 of 2nd period - Penalty to Matthew Boldy is over, Matthew Boldy is back on ice.
13:31 of 2nd period - Slapshot by Michael Carcone.
13:31 of 2nd period - Shot Misses the Net.
13:33 of 2nd period - Snap shot by Jack Drury.
13:33 of 2nd period - Shot Misses the Net.
13:35 of 2nd period - Slapshot by Mattias Samuelsson.
13:35 of 2nd period - Shot Misses the Net.
13:59 of 2nd period - Icing by Daniel Sprong.
14:00 of 2nd period - Jack Drury wins face-off versus Alexander Barabanov in Detroit Red Wings zone.
14:17 of 2nd period - Snap shot by Brendan Gallagher.
14:17 of 2nd period - Shot Misses the Net.
14:53 of 2nd period - Snap shot by Kevin Stenlund.
14:53 of 2nd period - Stopped by Samuel Ersson with a rebound.
14:55 of 2nd period - Wrist shot by Kevin Stenlund.
14:55 of 2nd period - Deflect By Alexander Barabanov.
14:55 of 2nd period - Shot Misses the Net.
14:55 of 2nd period - Puck is out of play.
14:56 of 2nd period - Thomas Novak wins face-off versus Kevin Stenlund in Nashville Predators zone.
15:21 of 2nd period - Mattias Samuelsson is hit by Christian Fischer and loses puck.
15:32 of 2nd period - Slapshot by Zachary Werenski.
15:32 of 2nd period - Stopped by Samuel Ersson with a rebound.
15:34 of 2nd period - Snap shot by Daniel Sprong.
15:34 of 2nd period - Shot Misses the Net.
16:04 of 2nd period - Minor Penalty to Artem Zub for Interference.
16:05 of 2nd period - Mika Zibanejad wins face-off versus Colton Sissons in Nashville Predators zone.
16:06 of 2nd period - Snap shot by Matthew Boldy.
16:06 of 2nd period - Deflect By Mika Zibanejad.
16:06 of 2nd period - Shot Misses the Net.
16:06 of 2nd period - Puck is out of play.
16:07 of 2nd period - Colton Sissons wins face-off versus Mika Zibanejad in Nashville Predators zone.
16:13 of 2nd period - Icing by MacKenzie Weegar.
16:14 of 2nd period - Ryan Johansen wins face-off versus Mika Zibanejad in Detroit Red Wings zone.
16:25 of 2nd period - Wrist shot by Mika Zibanejad.
16:25 of 2nd period - Shot Misses the Net.
16:27 of 2nd period - Slapshot by MacKenzie Weegar.
16:27 of 2nd period - Shot Blocked by Pius Suter.
16:29 of 2nd period - Slapshot by MacKenzie Weegar.
16:29 of 2nd period - Deflect By Pius Suter.
16:29 of 2nd period - Stopped by Samuel Ersson with a rebound.
16:31 of 2nd period - Slapshot by MacKenzie Weegar.
16:31 of 2nd period - Shot Misses the Net.
16:33 of 2nd period - Snap shot by Matthew Boldy.
16:33 of 2nd period - Goal by Matthew Boldy - Detroit Red Wings : 1 - Nashville Predators : 1.
16:34 of 2nd period - Colton Sissons wins face-off versus Steven Stamkos in neutral zone.
16:37 of 2nd period - Wrist shot by Max Pacioretty.
16:37 of 2nd period - Deflect By Jared McCann.
16:37 of 2nd period - Shot Misses the Net.
16:37 of 2nd period - Puck is out of play.
16:38 of 2nd period - Colton Sissons wins face-off versus Steven Stamkos in Detroit Red Wings zone.
16:41 of 2nd period - Snap shot by Max Pacioretty.
16:41 of 2nd period - Stopped by Laurent Brossoit with a rebound.
16:49 of 2nd period - Wrist shot by Patrick Kane.
16:49 of 2nd period - Stopped by Samuel Ersson without a rebound.
16:50 of 2nd period - Ryan Johansen wins face-off versus Carter Verhaeghe in Nashville Predators zone.
17:17 of 2nd period - Colton Sissons is hit by Jared McCann and loses puck.
17:23 of 2nd period - Minor Penalty to Max Pacioretty for Holding.
17:24 of 2nd period - Brett Leason wins face-off versus Steven Stamkos in Nashville Predators zone.
19:23 of 2nd period - Penalty to Max Pacioretty is over, Max Pacioretty is back on ice.
19:34 of 2nd period - Thomas Novak is hit by Christian Fischer and loses puck.
19:41 of 2nd period - Wrist shot by Christian Fischer.
19:41 of 2nd period - Shot Misses the Net.
Goals for this period are 1 for Detroit Red Wings vs 1 for Nashville Predators.
Shots for this period are 12 for Detroit Red Wings vs 9 for Nashville Predators.
3rd period
0:01 of 3rd period - Ryan Johansen wins face-off versus Steven Stamkos in neutral zone.
0:04 of 3rd period - Snap shot by Leo Carlsson.
0:04 of 3rd period - Stopped by Laurent Brossoit with a rebound.
0:12 of 3rd period - Snap shot by Ryan Johansen.
0:12 of 3rd period - Deflect By Leo Carlsson.
0:12 of 3rd period - Stopped by Laurent Brossoit without a rebound.
0:13 of 3rd period - Ryan Johansen wins face-off versus Mika Zibanejad in Detroit Red Wings zone.
0:18 of 3rd period - Snap shot by Zach Benson.
0:18 of 3rd period - Stopped by Laurent Brossoit without a rebound.
0:19 of 3rd period - Mika Zibanejad wins face-off versus Ryan Johansen in Detroit Red Wings zone.
0:25 of 3rd period - Simon Benoit beats up MacKenzie Weegar.
0:25 of 3rd period - Penalty to Simon Benoit for Fighting.
0:25 of 3rd period - Penalty to MacKenzie Weegar for Fighting.
0:26 of 3rd period - Colton Sissons wins face-off versus Steven Stamkos in neutral zone.
0:28 of 3rd period - Off-side.
0:29 of 3rd period - Steven Stamkos wins face-off versus Colton Sissons in neutral zone.
0:42 of 3rd period - Snap shot by Steven Stamkos.
0:42 of 3rd period - Shot Misses the Net.
0:44 of 3rd period - Minor Penalty to Mattias Samuelsson for Holding.
0:45 of 3rd period - Patrick Kane wins face-off versus Colton Sissons in Nashville Predators zone.
0:46 of 3rd period - Snap shot by Steven Stamkos.
0:46 of 3rd period - Deflect By Colton Sissons.
0:46 of 3rd period - Shot Blocked by Colton Sissons.
0:46 of 3rd period - Puck is out of play.
0:47 of 3rd period - Colton Sissons wins face-off versus Steven Stamkos in Nashville Predators zone.
1:36 of 3rd period - Minor Penalty to Patrick Kane for Tripping.
1:37 of 3rd period - Mika Zibanejad wins face-off versus Colton Sissons in Detroit Red Wings zone.
1:37 of 3rd period - Mika Zibanejad is hit by Parker Wotherspoon.
1:43 of 3rd period - Slapshot by Zachary Werenski.
1:43 of 3rd period - Stopped by Samuel Ersson with a rebound.
1:53 of 3rd period - Wrist shot by Mika Zibanejad.
1:53 of 3rd period - Stopped by Samuel Ersson without a rebound.
1:54 of 3rd period - Ryan Johansen wins face-off versus Mika Zibanejad in Nashville Predators zone.
1:54 of 3rd period - Ryan Johansen is hit by Kevin Shattenkirk.
2:06 of 3rd period - Snap shot by Brett Leason.
2:06 of 3rd period - Stopped by Laurent Brossoit with a rebound.
2:28 of 3rd period - Colton Sissons is hit by Carter Verhaeghe and loses puck.
2:44 of 3rd period - Penalty to Mattias Samuelsson is over, Mattias Samuelsson is back on ice.
2:55 of 3rd period - Snap shot by Steven Stamkos.
2:55 of 3rd period - Shot Blocked by Dante Fabbro.
3:07 of 3rd period - Wrist shot by Thomas Novak.
3:07 of 3rd period - Deflect By Tyson Foerster.
3:07 of 3rd period - Stopped by Laurent Brossoit without a rebound.
3:08 of 3rd period - Colton Sissons wins face-off versus Kevin Stenlund in Detroit Red Wings zone.
3:35 of 3rd period - Snap shot by Josh Doan.
3:35 of 3rd period - Shot Misses the Net.
3:36 of 3rd period - Penalty to Patrick Kane is over, Patrick Kane is back on ice.
3:37 of 3rd period - Snap shot by Max Pacioretty.
3:37 of 3rd period - Stopped by Laurent Brossoit with a rebound.
4:34 of 3rd period - Mika Zibanejad is hit by Max Pacioretty and loses puck.
4:51 of 3rd period - Slapshot by Zachary Werenski.
4:51 of 3rd period - Shot Misses the Net.
4:53 of 3rd period - Slapshot by Daniel Sprong.
4:53 of 3rd period - Stopped by Samuel Ersson with a rebound.
5:21 of 3rd period - Jack Drury is hit by Patrick Kane and loses puck.
5:46 of 3rd period - Snap shot by Jack Drury.
5:46 of 3rd period - Stopped by Laurent Brossoit with a rebound.
5:48 of 3rd period - Slapshot by Parker Wotherspoon.
5:48 of 3rd period - Stopped by Laurent Brossoit with a rebound.
5:50 of 3rd period - Slapshot by Michael Carcone.
5:50 of 3rd period - Deflect By Jack Drury.
5:50 of 3rd period - Stopped by Laurent Brossoit without a rebound.
5:51 of 3rd period - Steven Stamkos wins face-off versus Leo Carlsson in Detroit Red Wings zone.
6:04 of 3rd period - Mattias Samuelsson is hit by Steven Stamkos and loses puck.
6:22 of 3rd period - Slapshot by Zachary Werenski.
6:22 of 3rd period - Deflect By Christian Fischer.
6:22 of 3rd period - Shot Misses the Net.
6:22 of 3rd period - Puck is out of play.
6:23 of 3rd period - Colton Sissons wins face-off versus Mika Zibanejad in Nashville Predators zone.
6:56 of 3rd period - Wrist shot by Steven Stamkos.
6:56 of 3rd period - Stopped by Samuel Ersson with a rebound.
6:58 of 3rd period - Wrist shot by Jared McCann.
6:58 of 3rd period - Stopped by Samuel Ersson with a rebound.
7:20 of 3rd period - Keegan Kolesar is hit by Pius Suter and loses puck.
8:02 of 3rd period - Wrist shot by Matthew Boldy.
8:02 of 3rd period - Goal by Matthew Boldy - Detroit Red Wings : 2 - Nashville Predators : 1.
8:03 of 3rd period - Ryan Johansen wins face-off versus Matthew Boldy in neutral zone.
8:16 of 3rd period - Wrist shot by Ryan Johansen.
8:16 of 3rd period - Stopped by Laurent Brossoit with a rebound.
8:18 of 3rd period - Slapshot by Mattias Samuelsson.
8:18 of 3rd period - Deflect By Zach Benson.
8:18 of 3rd period - Shot Misses the Net.
8:18 of 3rd period - Puck is out of play.
8:19 of 3rd period - Steven Stamkos wins face-off versus Colton Sissons in Detroit Red Wings zone.
8:40 of 3rd period - Minor Penalty to Colton Sissons for Roughing.
8:41 of 3rd period - Steven Stamkos wins face-off versus Jack Drury in Nashville Predators zone.
9:08 of 3rd period - Parker Wotherspoon is hit by Carter Verhaeghe and loses puck.
10:40 of 3rd period - Penalty to Colton Sissons is over, Colton Sissons is back on ice.
11:18 of 3rd period - Slapshot by MacKenzie Weegar.
11:18 of 3rd period - Stopped by Samuel Ersson with a rebound.
11:20 of 3rd period - Slapshot by Kevin Stenlund.
11:20 of 3rd period - Stopped by Samuel Ersson with a rebound.
11:40 of 3rd period - Minor Penalty to Steven Stamkos for Tripping.
11:41 of 3rd period - Ryan Johansen wins face-off versus Kevin Stenlund in Detroit Red Wings zone.
11:44 of 3rd period - Slapshot by Josh Doan.
11:44 of 3rd period - Stopped by Laurent Brossoit without a rebound.
11:45 of 3rd period - Josh Doan wins face-off versus Kevin Stenlund in Detroit Red Wings zone.
11:46 of 3rd period - Snap shot by Max Pacioretty.
11:46 of 3rd period - Shot Misses the Net.
12:04 of 3rd period - Slapshot by Mika Zibanejad.
12:04 of 3rd period - Shot Misses the Net.
13:23 of 3rd period - Zach Bogosian is hit by Thomas Novak and loses puck.
13:40 of 3rd period - Penalty to Steven Stamkos is over, Steven Stamkos is back on ice.
13:40 of 3rd period - Keegan Kolesar is hit by Josh Doan and loses puck.
13:57 of 3rd period - Snap shot by Brendan Gallagher.
13:57 of 3rd period - Shot Misses the Net.
14:46 of 3rd period - Snap shot by Jack Drury.
14:46 of 3rd period - Stopped by Laurent Brossoit with a rebound.
14:48 of 3rd period - Snap shot by Brett Leason.
14:48 of 3rd period - Stopped by Laurent Brossoit without a rebound.
14:49 of 3rd period - Mika Zibanejad wins face-off versus Thomas Novak in Detroit Red Wings zone.
15:06 of 3rd period - Shayne Gostisbehere is hit by Pius Suter and loses puck.
15:21 of 3rd period - Slapshot by Ryan Johansen.
15:21 of 3rd period - Stopped by Laurent Brossoit with a rebound.
15:23 of 3rd period - Wrist shot by Zach Benson.
15:23 of 3rd period - Shot Misses the Net.
16:13 of 3rd period - Wrist shot by Pius Suter.
16:13 of 3rd period - Shot Misses the Net.
16:15 of 3rd period - Slapshot by Mattias Samuelsson.
16:15 of 3rd period - Deflect By Shayne Gostisbehere.
16:15 of 3rd period - Stopped by Laurent Brossoit with a rebound.
16:17 of 3rd period - Slapshot by Thomas Novak.
16:17 of 3rd period - Stopped by Laurent Brossoit without a rebound.
16:18 of 3rd period - Steven Stamkos wins face-off versus Thomas Novak in Detroit Red Wings zone.
16:27 of 3rd period - Slapshot by Tyson Foerster.
16:27 of 3rd period - Shot Misses the Net.
16:45 of 3rd period - Daniel Sprong is hit by Parker Wotherspoon and loses puck.
16:54 of 3rd period - Slapshot by Jack Drury.
16:54 of 3rd period - Stopped by Laurent Brossoit without a rebound.
16:55 of 3rd period - Thomas Novak wins face-off versus Mika Zibanejad in Detroit Red Wings zone.
16:58 of 3rd period - Slapshot by Pius Suter.
16:58 of 3rd period - Shot Misses the Net.
17:33 of 3rd period - Brendan Gallagher is hit by Jack Drury and loses puck.
17:53 of 3rd period - Snap shot by Kevin Stenlund.
17:53 of 3rd period - Deflect By Alexander Barabanov.
17:53 of 3rd period - Stopped by Samuel Ersson with a rebound.
17:55 of 3rd period - Snap shot by Alexander Barabanov.
17:55 of 3rd period - Goal by Alexander Barabanov - Detroit Red Wings : 3 - Nashville Predators : 1.
17:56 of 3rd period - Daniel Sprong wins face-off versus Thomas Novak in neutral zone.
18:11 of 3rd period - Wrist shot by Daniel Sprong.
18:11 of 3rd period - Shot Misses the Net.
18:26 of 3rd period - Artem Zub is hit by Mika Zibanejad and loses puck.
18:54 of 3rd period - Minor Penalty to Artem Zub for Delaying the game.
18:55 of 3rd period - Steven Stamkos wins face-off versus Ryan Johansen in Nashville Predators zone.
18:57 of 3rd period - Slapshot by Steven Stamkos.
18:57 of 3rd period - Stopped by Samuel Ersson with a rebound.
18:59 of 3rd period - Snap shot by Steven Stamkos.
18:59 of 3rd period - Stopped by Samuel Ersson without a rebound.
19:00 of 3rd period - Ryan Johansen wins face-off versus Steven Stamkos in Nashville Predators zone.
19:13 of 3rd period - Wrist shot by Jared McCann.
19:13 of 3rd period - Shot Hit the Post.
19:15 of 3rd period - Snap shot by Kevin Shattenkirk.
19:15 of 3rd period - Stopped by Samuel Ersson with a rebound.
Goals for this period are 2 for Detroit Red Wings vs 0 for Nashville Predators.
Shots for this period are 13 for Detroit Red Wings vs 17 for Nashville Predators.
Back to the Top